 Dungeon Crawl Stone Soup version 0.30-a0-924-g0ad0bf95bc (webtiles) character file.

Game seed: 40921031685497404

8 Firecrotchwizard the Chopper (level 2, 0/27 HPs)
             Began as a Hill Orc Monk on Mar 23, 2023.
             Succumbed to an adder's poison
             ... on level 2 of the Dungeon.
             The game lasted 00:00:33 (266 turns).

Firecrotchwizard the Chopper (Hill Orc Monk)         Turns: 266, Time: 00:00:34

Health: 0/27       AC:  5    Str: 13    XL:     2   Next: 8%
Magic:  2/2        EV: 11    Int: 10    God:
Gold:   22         SH:  0    Dex: 13    Spells: 1/1 levels left

rFire   . . .      SeeInvis .    a - +0 hand axe
rCold   . . .      Faith    .    (no shield)
rNeg    . . .      Spirit   .    c - +0 ring mail
rPois   .          Reflect  .    (no helmet)
rElec   .          Rampage  .    (no cloak)
rCorr   .                        (no gloves)
Will    .....                    (no boots)
Stlth   +                        (no amulet)
HPRegen 0.24/turn                (no ring)
MPRegen 0.08/turn                (no ring)

@: lethally poisoned (0 -> -1)
A: no striking features
a: no special abilities


You were on level 2 of the Dungeon.
You visited 1 branch of the dungeon, and saw 2 of its levels.

You collected 22 gold pieces.

Inventory:

Hand Weapons
 a - a +0 hand axe (weapon)
Armour
 b - a +0 robe
 c - a +0 ring mail (worn)
   (You found it on level 2 of the Dungeon)
Potions
 G - a potion of ambrosia {!q}


   Skills:
 + Level 3.8 Fighting
 * Level 4.5 Axes
 - Level 2.4 Dodging
 - Level 1.5 Stealth


You had one spell level left.
You didn't know any spells.
Your spell library was empty.

Dungeon Overview and Level Annotations

Branches:
Dungeon (2/15)

Altars:


Message History

The endoplasm freezes you.
You are frozen.
You take 5 damage, and have 14/20 hp.
MASSIVE DAMAGE!!
You slash the endoplasm!
You kill the endoplasm!
A dart slug comes into view.
Health restored: 20 A giant cockroach comes into view.
Found a stone staircase leading down.
The giant cockroach bites you but does no damage.
You slash the giant cockroach!
You kill the giant cockroach!
You hit the dart slug. The dart slug bites you.
You take 2 damage, and have 18/20 hp.
You hit the dart slug. The dart slug bites you.
You take 2 damage, and have 16/20 hp.
You hit the dart slug. You hit the dart slug.
You kill the dart slug!
You have reached level 2!
You regained 7 hp, and now have 23/27 hp.
MP restored: 2 You see here a +0 ring mail.
c - a +0 ring mail You start removing your armour.
You continue taking off your +0 robe. x4
You finish taking off your +0 robe.
You start putting on your armour.
You continue putting on your +0 ring mail. x5
You finish putting on your +0 ring mail.
You regained 3 hp, and now have 26/27 hp.
You now have 12 gold pieces (gained 4).
You now have 22 gold pieces (gained 10).
An adder comes into view.
The adder hisses angrily.
The adder closely misses you.
There is a stone staircase leading down here.
Health restored: 27 You closely miss the adder.
The adder bites you but does no damage.
You miss the adder. The adder bites you but does no damage.
You miss the adder.
The adder bites you but does no damage. x2
You miss the adder. The adder bites you.
You take 1 damage, and have 26/27 hp.
You hit the adder. The adder bites you.
You take 3 damage, and have 23/27 hp.
You barely miss the adder. The adder bites you.
You are poisoned.
The adder poisons you! The adder bites you but does no damage.
You take 2 damage, and have 21/27 hp.
You hit the adder but do no damage.
You feel sick. The adder bites you but does no damage.
You take 1 damage, and have 20/27 hp.
You barely miss the adder.
You feel sick. The adder bites you but does no damage.
You take 1 damage, and have 19/27 hp.
You barely miss the adder.
You feel sick. The adder closely misses you. The adder barely misses you.
You take 2 damage, and have 17/27 hp.
You barely miss the adder.
You feel sick. The adder barely misses you.
You take 1 damage, and have 16/27 hp.
You barely miss the adder.
You feel sick. The adder bites you but does no damage.
You closely miss the adder.
You feel sick.
You are no longer poisoned.
The adder bites you.
You are poisoned.
The adder poisons you! The adder barely misses you.
You take 4 damage, and have 12/27 hp.
You miss the adder.
You feel sick. The adder barely misses you.
You take 2 damage, and have 10/27 hp.
You miss the adder.
You feel sick. The adder closely misses you.
You take 1 damage, and have 9/27 hp.
You barely miss the adder.
You feel sick. The adder bites you.
* * * LOW HITPOINT WARNING * * *
You are lethally poisoned!
The adder poisons you! The adder closely misses you.
You take 1 damage, and have 8/27 hp.
You closely miss the adder.
* * * LOW HITPOINT WARNING * * *
You feel sick. The adder closely misses you.
You take 2 damage, and have 6/27 hp.
You miss the adder.
* * * LOW HITPOINT WARNING * * *
You feel sick. The adder barely misses you. x2
You take 2 damage, and have 4/27 hp.
You hit the adder.
* * * LOW HITPOINT WARNING * * *
You feel sick. The adder bites you but does no damage.
You take 1 damage, and have 3/27 hp.
You barely miss the adder.
* * * LOW HITPOINT WARNING * * *
You feel sick. The adder closely misses you.
You take 1 damage, and have 2/27 hp.
Unknown command.
You hit the adder but do no damage.
* * * LOW HITPOINT WARNING * * *
You feel sick.
The adder bites you but does no damage. x2
You take 1 damage, and have 1/27 hp.
You barely miss the adder.
You die...

.. #......... ... #.
... ..###
....#.##.###...#
#.........#.#.# .
#...#.#.#.# #.
.#..##.....#.#.# ..
#..........##.#.# .##.#
#########.......#.....#
#.###.#@S.# #.# #.###.#
#########.# #.....#
#.........# #######
#.######### #.# #.#####
#.....# #####.#


You could see an adder.

Vanquished Creatures
  A dart slug (D:2)
  An endoplasm (D:2)
  A giant cockroach (D:2)
  A hobgoblin (D:1)
  A quokka (D:1)
5 creatures vanquished.

Notes
Turn   | Place    | Note
-------+----------+-------------------------------------------
     0 | D:1      | Firecrotchwizard the Hill Orc Monk began the quest for the
                  | Orb.
     0 | D:1      | Reached XP level 1. HP: 19/19 MP: 1/1
   212 | D:2      | Reached XP level 2. HP: 23/27 MP: 2/2
   261 | D:2      | HP: 6/27 [poisoned by an adder]
   264 | D:2      | HP: 2/27 [poisoned by an adder]
   266 | D:2      | Succumbed to an adder's poison

Illustrated notes

Levels and vault maps discovered:
D:1:      lemuel_arrival_river_bridge, layout_loops_corners
D:2:      layout_basic

Action                     || total
---------------------------++-------
  Melee: Hand axe          ||    46
 Armour: Robe              ||     3
         Ring mail         ||    11
  Dodge: Dodged            ||    22

Table legend: (Time is in decaauts)
 A = Elapsed time spent in this place.
 B = Non-inter-level travel time spent in this place.
 C = Inter-level travel time spent in this place.
 D = Time resting spent in this place.
 E = Time spent auto-exploring this place.
 F = Levels seen in this place.
 G = Mean time per level.
                   A        B        C        D        E       F      G
               +--------+--------+--------+--------+--------+-----+--------+
         Total |    269 |    269 |      0 |     15 |    172 |   2 |  134.5 |
       Dungeon |    269 |    269 |      0 |     15 |    172 |   2 |  134.5 |
               +--------+--------+--------+--------+--------+-----+--------+

Top non-repeatable levels by time:
     D:1: 150 daAuts
     D:2: 119 daAuts

Table legend:
 A = Kills in this place as a percentage of kills in the entire game.
 B = Kills by you in this place as a percentage of kills by you in the entire game.
 C = Kills by friends in this place as a percentage of kills by friends in the entire game.
 D = Other kills in this place as a percentage of other kills in the entire game.
 E = Experience gained in this place as a percentage of experience gained in the entire game.
 F = Experience gained in this place divided by the number of levels of this place that you have seen.
                   A       B       C       D       E      F
               +-------+-------+-------+-------+-------+----------------------
         Total | 100.0 | 100.0 |   N/A |   N/A | 100.0 |   6.0
       Dungeon | 100.0 | 100.0 |   N/A |   N/A | 100.0 |   6.0
               +-------+-------+-------+-------+-------+----------------------
